 Dungeon Crawl Stone Soup version 0.20-a0-4-gd166d5d (webtiles) character file.

109 FrankyJ the Digger (level 4, -7/33 HPs)
             Began as a Demigod Earth Elementalist on Oct 31, 2016.
             Killed by nerve-wracking pain
             ... invoked by Grinder
              (14 damage)
             ... on level 3 of the Dungeon.
             The game lasted 00:08:00 (2167 turns).

FrankyJ the Digger (Demigod Earth Elementalist)     Turns: 2167, Time: 00:08:00

Health: -7/33      AC:  3    Str: 11    XL:     4   Next: 34%
Magic:  1/10       EV: 13    Int: 21    God:
Gold:   74         SH:  0    Dex: 16    Spells: 1 memorised, 7 levels left

rFire  . . .     SeeInvis .     b - 33 stones
rCold  . . .     Gourm    .     c - +0 robe
rNeg   . . .     Faith    .     (no shield)
rPois  .         Spirit   .     (no helmet)
rElec  .         Reflect  .     i - +0 cloak
rCorr  .         Harm     .     (no gloves)
MR     .....                    (no boots)
Stlth  ++........               (no amulet)
                                (no ring)
                                (no ring)

@: no status effects
A: high mp 1
a: no special abilities


You were on level 3 of the Dungeon.
You were not hungry.

You visited 1 branch of the dungeon, and saw 3 of its levels.

You collected 74 gold pieces.

Inventory:

Hand Weapons
 g - a +0 hunting sling
 k - a +0 short sword
 n - a +0 mace
 t - a +0 blowgun
Missiles
 b - 33 stones (in hand)
 m - 24 poisoned needles
 o - 6 tomahawks
Armour
 c - a +0 robe (worn)
 i - a +0 cloak (worn)
 r - a +0 helmet
Scrolls
 j - a scroll of noise {unknown}
 q - a scroll of teleportation {unknown}
Potions
 h - 2 potions of might {unknown}
 l - a potion of curing {unknown}
 p - a potion of flight {unknown}
 s - 2 potions of lignification {unknown}
Books
 e - a book of Geomancy

   Spells                             Type                      Level
   a - Sandblast                      Earth                        1
   b - Passwall                       Transmutation/Earth          2
   c - Stone Arrow                    Conjuration/Earth            3
   d - Petrify                        Transmutation/Earth          4
   e - Lee's Rapid Deconstruction     Earth                        5
Comestibles
 a - 2 fruits
 d - 3 bread rations
 f - 8 chunks of flesh


   Skills:
 - Level 2.1 Dodging
 + Level 3.1 Stealth
 + Level 2.5 Spellcasting
   Level 0.8 Transmutations
 + Level 3.4 Earth Magic


You had 7 spell levels left.
You knew the following spells:

 Your Spells              Type           Power        Failure   Level  Hunger
a - Sandblast             Erth           ###...       3%          1    None


Dungeon Overview and Level Annotations

Branches:
Dungeon (3/15)

Annotations:
D:3 Grinder


Innate Abilities, Weirdness & Mutations

You have an increased reservoir of magic. (+10% MP)


Message History

Casting: Sandblast
Confirm with . or Enter, or press ? or * to list all spells.
Aiming: Sandblast
Press: ? - help, Shift-Dir - straight line, f/p - Grinder
Aim: Grinder (heavily wounded)
The rocky blast hits Grinder.
Grinder is severely wounded.
Grinder gestures at you.
You barely resist.
Casting: Sandblast
Confirm with . or Enter, or press ? or * to list all spells.
Aiming: Sandblast
Press: ? - help, Shift-Dir - straight line, f/p - Grinder
Aim: Grinder (severely wounded)
The rocky blast hits Grinder.
Grinder is severely wounded.
Grinder says, "You look like you could use a good racking."
Grinder gestures at you. Pain shoots through your body!
You die...

## .# ###.#
#.#####...######
#.......รท.((....
######.########.
######
#....)@........
#....#
#.###5#######..
#....# #.# #.....#
#....####.# #.....#
#.........###.....#
#
#.................#
.
#.......#####.##.##
.####.#...# #.< .#
....)######## #..
..


You could see Grinder.

Vanquished Creatures
  An orc wizard (D:3)
  3 adders
  2 worms
  2 dart slugs (D:1)
  3 leopard geckos
  An orc (D:3)
  A giant cockroach (D:2)
  5 goblins
  4 hobgoblins
  2 jackals (D:1)
  A quokka (D:2)
  A ball python (D:2)
  7 bats
  2 frilled lizards (D:2)
  4 kobolds
  3 rats (D:1)
42 creatures vanquished.

Notes
Turn   | Place    | Note
-------+----------+-------------------------------------------
     0 | D:1      | FrankyJ the Demigod Earth Elementalist began the quest for the Orb.
     0 | D:1      | Reached XP level 1. HP: 14/14 MP: 5/5
   388 | D:1      | Reached XP level 2. HP: 20/20 MP: 5/7
  1062 | D:2      | Reached XP level 3. HP: 26/26 MP: 3/8
  1469 | D:2      | Found an iron altar of Okawaru.
  1497 | D:2      | Found a glowing golden altar of the Shining One.
  2031 | D:3      | Reached XP level 4. HP: 18/33 MP: 3/10
  2158 | D:3      | Noticed Grinder
  2167 | D:3      | Killed from afar by Grinder

Vault maps used:
D:1:      dpeg_arrival_orchard
D:2:      marbit_many_paths, lemuel_doored_altar, first_bread, minmay_distorted
D:3:      uniq_grinder

Skill      XL: |  1  2  3  4 |
---------------+-------------+-----
Stealth        | 2 3 |  3.1
Spellcasting   | 2 |  2.5
Dodging        | 2 |  2.1
Earth Magic    | 3 |  3.4
Transmutations | |  0.8

Action                   |  1- 3 |  4- 6 || total
-------------------------+-------+-------++-------
Melee: Short sword       |    14 |       ||    14
       Mace              |     6 |       ||     6
 Fire: Blowgun           |     2 |       ||     2
 Cast: Sandblast         |    72 |    15 ||    87
  Eat: Chunk             |     4 |       ||     4
Armor: Robe              |    22 |     1 ||    23
Dodge: Dodged            |    49 |     6 ||    55
